 Dungeon Crawl Stone Soup version 0.25-a0-578-gc91f01c39c (webtiles) character file.

Game seed: 594623843752399015, levelgen mode: deterministic

3264785 Flugslaktarn the Impregnable (level 23, 104/192 HPs)
             Began as a Deep Dwarf Fighter on Mar 6, 2020.
             Was the Champion of Makhleb.
             Escaped with the Orb
             ... and 3 runes!
             The game lasted 00:24:00 (22172 turns).

Flugslaktarn the Impregnable (Deep Dwarf Fighter)  Turns: 22172, Time: 00:24:01

Health: 104/192    AC: 41    Str: 34      XL:     23   Next: 19%
Magic:  19/19 (9)  EV: 12    Int: 13 (14) God:    Makhleb [******]
Gold:   2281       SH: 24    Dex: 10      Spells: 22/22 levels left

rFire    + + .     SeeInvis .   O - +8 broad axe (vorpal)
rCold    + . .     Gourm    .   k - +4 kite shield {rPois}
rNeg     + . .     Faith    .   U - +10 storm dragon scales of the Sky {+Blink rElec Str+4}
rPois    +         Spirit   .   T - +3 hat of Pondering {ponderous, MR+ MP+10 Int+5}
rElec    +         Reflect  +   E - +0 cloak
rCorr    .         Harm     .   f - +0 pair of gloves of Knowledge {rF++}
MR       ++++.                  u - +1 pair of boots
Stlth    ..........             l - +5 amulet of reflection
HPRegen  0.00/turn              j - +4 ring of slaying
MPRegen  0.16/turn              c - ring of protection from cold

@: non-regenerating, slow
A: damage resistance, heal wounds, hooves 1, repulsion field 1, clumsy 1,
deterioration 1, frail 2, negative energy resistance 1, sense surroundings 3,
screaming 1, no regeneration
0: Orb of Zot
}: 3/15 runes: serpentine, barnacled, silver
a: Heal Wounds, Minor Destruction, Lesser Servant of Makhleb, Major Destruction,
Greater Servant of Makhleb, Renounce Religion, Evoke Blink


You escaped.
You worshipped Makhleb.
Makhleb was exalted by your worship.
You were very full.

You visited 7 branches of the dungeon, and saw 42 of its levels.
You visited the Abyss 1 time.
You also visited: Ossuary and Ice Cave.

You collected 4586 gold pieces.
You spent 2305 gold pieces at shops.

Inventory:

Hand Weapons
 O - a +8 vorpal broad axe (weapon)
   (You took it off a death knight on level 13 of the Dungeon)
Armour
 f - the +0 pair of gloves of Knowledge (worn) {rF++}
   (You bought it in a shop on level 6 of the Dungeon)

   It greatly protects you from fire.
   If you remove this armour, your AC will decrease by 2 (41 -> 39).
 i - a scarf of repulsion
   (You found it on level 1 of the Dungeon)
 k - a +4 kite shield of poison resistance (worn)
   (You found it on level 8 of the Dungeon)
 u - a +1 pair of boots (worn)
   (You found it on level 9 of the Dungeon)
 E - a +0 cloak (worn)
   (You found it on level 6 of the Dungeon)
 T - the +3 hat of Pondering (worn) {ponderous, MR+ MP+10 Int+5}
   (You took it off Gastronok on level 1 of the Lair of Beasts)

   It affects your intelligence (+5).
   It affects your resistance to hostile enchantments.
   It affects your magic capacity (+10).
   If you remove this armour, your AC will decrease by 3 (41 -> 38).
 U - the +10 storm dragon scales of the Sky (worn) {+Blink rElec Str+4}
   (You bought it in a shop on level 4 of the Dungeon)

   It affects your strength (+4).
   It insulates you from electricity.
   It lets you blink.
   If you remove this armour, your AC will decrease by 31 (41 -> 10).
 Z - a +2 pair of gloves
   (You found it on level 4 of the Dungeon)
Jewellery
 c - a ring of protection from cold (right hand)
   (You found it on level 1 of the Vaults)
 j - a +4 ring of slaying (left hand)
   (You found it on level 13 of the Dungeon)
 l - a +5 amulet of reflection (around neck)
   (You found it on level 8 of the Dungeon)
 m - an uncursed ring of protection from magic
   (You found it on level 1 of the Realm of Zot)
 v - a +3 ring of evasion
   (You found it on level 5 of the Dungeon)
 B - the ring "Wouroejo" {rN+ MR+ Int+2}
   (You found it on level 3 of the Abyss)

   [ring of protection from magic]

   It affects your intelligence (+2).
   It protects you from negative energy.
   It affects your resistance to hostile enchantments.
 L - an uncursed ring of ice
   (You found it in an ice cave)
 Q - an uncursed ring of positive energy
   (You found it on level 14 of the Dungeon)
Wands
 n - a wand of digging (18)
   (You found it on level 4 of the Dungeon)
 H - a wand of paralysis (39)
   (You found it on level 11 of the Dungeon)
 I - a wand of iceblast (16)
   (You found it on level 12 of the Dungeon)
 P - a wand of clouds (7)
   (You found it on level 3 of the Lair of Beasts)
 V - a wand of enslavement (9)
   (You found it on level 2 of the Abyss)
Scrolls
 t - 4 scrolls of teleportation
 x - 7 scrolls of remove curse
 y - 2 scrolls of fog
 z - 2 scrolls of blinking
 G - 3 scrolls of torment
 J - a scroll of silence
 K - 2 scrolls of vulnerability
 W - a scroll of immolation
Potions
 a - 7 potions of ambrosia
 b - 2 potions of flight
 o - 2 potions of magic
 q - 13 potions of curing
 s - 4 potions of stabbing
 w - 4 potions of heal wounds
 A - 7 potions of brilliance
 D - 4 potions of lignification
 F - 4 potions of mutation
 N - 4 potions of invisibility
 X - 5 potions of berserk rage
Miscellaneous
 M - a lamp of fire
   (You found it in an ice cave)
Comestibles
 e - 35 rations


   Skills:
 + Level 21.6 Fighting
 - Level 18.0 Axes
 + Level 24.7 Armour
 - Level 15.0 Shields
 - Level 15.0 Invocations


You had 22 spell levels left.
You didn't know any spells.
Your spell library was empty.

Dungeon Overview and Level Annotations

Branches:
Dungeon (15/15)            Temple (0/1) D:7            Lair (4/6) D:9
 Shoals (4/4) Lair:4        Snake (4/4) Lair:4          Orc (0/2) D:9
 Vaults (5/5) D:13          Crypt (0/3) Vaults:3     Depths (5/5) D:15
    Zot (5/5) Depths:5    Ossuary (visited)           IceCv (visited)

Altars:
Elyvilon
Fedhas
Gozag
Hepliaklqana
Kikubaaqudgha
Makhleb
Okawaru
Qazlal
Sif Muna
Trog
Vehumet
Wu Jian
Xom
Yredelemnul
Zin

Shops:
D:4 ?*[[!   D:6 [   D:11 *(:   D:14 [   Shoals:1 [   Vaults:2 *

Portals:
Hell: Depths:2
Abyss: Depths:3
Pandemonium: Depths:3
Ziggurat: Depths:5

Annotations:
D:7 exclusion: ice statue
D:10 2 transporters
D:13 1 runed translucent door
D:15 exclusion: 4 doors
Vaults:1 3 runed translucent doors, MisterFreud's ghost, adept OpFi


Innate Abilities, Weirdness & Mutations

You are resistant to damage.
You can heal yourself by infusing magical energy.
You resist negative energy. (rN+)
You passively map a large area around you.
You do not regenerate.
You have large cloven feet.
You are surrounded by a mild repulsion field. (EV +2)
You are clumsy. (Dex -2)
Your body sometimes deteriorates upon taking damage.
You are very frail. (-20% HP)
You occasionally shout uncontrollably at your foes.


Message History

No target in view!
No target in view!
No target in view!
No target in view!
No target in view!
No target in view!
No target in view!
(D) Dungeon (T) Temple (L) Lair (A) Shoals (P) Snake Pit (O) Orcish Mines (V) Vaults (C) Crypt (U) Depths (H) Hell (Z) Zot
Where to? (Enter - D:1 @ (x,y), ? - help)
There is an open door here.
You are no longer poisoned.
You see here a hunting sling.
You feel a little less mighty now.
You see here a +0 club.
Your magical contamination has completely faded away.
There is an open door here.
There is a staircase leading out of the dungeon here.
You have escaped!

#.#
#.#
#.#
#.#
#.#
#)#
###.#
♣♣8#.#
♣@.'.#
♣♣8###
###


There were no monsters in sight!

Vanquished Creatures
  5 ancient liches (Zot:5)
  2 pandemonium lords
  6 orbs of fire (Zot:5)
  Sojobo (Depths:5)
  Vashnia (Snake:4)
  3 Killer Klowns (Zot:5)
  Xtahua (Vaults:3)
  5 golden dragons
  2 bone dragons
  2 electric golems (Zot:5)
  4 liches
  8 tentacled monstrosities
  24 Orb Guardians
  An Ice Fiend (D:8)
  A Hell Sentinel (D:4)
  Asterion (Depths:1)
  Polyphemus (Shoals:4)
  A titan (Vaults:5)
  2 quicksilver dragons
  Gastronok (Lair:1)
  An Executioner (Depths:3)
  Frances (D:14)
  2 death cobs
  A kraken (Shoals:1)
  4 shadow dragons
  3 sphinxes (Vaults:5)
  8 storm dragons
  4 tengu reavers
  3 fire giants
  6 nagarajas (Snake:4)
  8 frost giants
  2 deep elf sorcerers (Vaults:3)
  5 vault wardens
  Ilsuiw (Shoals:4)
  3 balrugs
  A ghost moth (Zot:5)
  A draconian scorcher (Depths:5)
  A draconian shifter (Depths:5)
  An orc warlord (Vaults:2)
  A spriggan defender (Depths:4)
  2 war gargoyles (Vaults:5)
  4 ironheart preservers
  A blood saint (Depths:3)
  18 very ugly things
  12 stone giants
  A green draconian (Depths:5)
  A vampire knight (Depths:3)
  2 black draconians
  2 deep elf demonologists
  An entropy weaver (Vaults:2)
  4 white draconians
  A lorocyproca (D:4)
  4 spark wasps
  4 red draconians
  A deep elf annihilator (Vaults:5)
  3 yellow draconians
  9 merfolk impalers
  A deep elf death mage (Vaults:5)
  2 merfolk javelineers (Shoals:4)
  5 ettins
  2 jiangshi (Depths:3)
  5 ogre magi
  5 fire dragons
  7 yaktaur captains
  5 great orbs of eyes
  2 rakshasas
  7 ice dragons
  8 naga warriors
  2 spriggan air magi (Depths:4)
  A hydra (Lair:3)
  5 centaur warriors
  2 merfolk avatars
  23 vault guards (Vaults:5)
  A catoblepas (Shoals:4)
  An anaconda (shapeshifter) (Depths:1)
  A death knight (D:13)
  3 merfolk aquamancers (Shoals:4)
  20 two-headed ogres
  3 anacondas
  5 death yaks
  5 deep troll shamans
  5 tengu warriors
  A vampire mage (Depths:3)
  7 deep troll earth magi
  5 spriggan berserkers
  5 thrashing horrors (Abyss:3)
  8 naga sharpshooters (Snake:4)
  Urug (D:10)
  3 deep elf knights
  2 sun demons
  4 shock serpents
  Nergalle (Lair:4)
  3 salamander mystics
  3 sixfirhies
  3 wretched stars (Abyss:3)
  A spatial maelstrom (Abyss:3)
  2 iron trolls (Depths:1)
  A storm dragon skeleton (Vaults:1)
  A wizard (Vaults:1)
  5 sea snakes
  13 deep trolls
  5 hell knights (Depths:5)
  4 unseen horrors
  A glowing orange brain (Depths:1)
  3 naga ritualists
  2 flayed ghosts
  An orange crystal statue (Zot:5)
  4 ironbrand convokers
  A wolf spider zombie (Abyss:3)
  A deep elf archer (Vaults:3)
  9 deep elf magi
  A lindwurm (shapeshifter) (Depths:1)
  A shadow dragon zombie (Abyss:3)
  5 phantasmal warriors
  3 orc knights
  6 harpies (Shoals:4)
  2 necromancers
  20 ugly things
  6 mana vipers
  A wolf spider (Vaults:5)
  A moth of wrath (shapeshifter) (Vaults:5)
  4 fauns (Shoals:1)
  A mana viper (shapeshifter) (Vaults:5)
  8 manticores
  An orc sorcerer (Vaults:5)
  5 cyclopes
  13 moths of wrath
  A worldbinder (Abyss:3)
  A salamander (Snake:4)
  8 black mambas
  8 vault sentinels
  2 merfolk sirens
  A rust devil (D:1)
  A torpor snail (Lair:2)
  3 guardian serpents (Snake:4)
  4 centaur zombies
  An ice statue (IceCv)
  2 smoke demons
  10 naga magi
  A water nymph (Shoals:4)
  A gargoyle (D:14)
  A hellion (D:1)
  6 freezing wraiths
  10 spiny frogs
  A kobold demonologist (D:15)
  12 yaktaurs
  An efreet (D:14)
  An ice devil (Depths:2)
  3 tormentors
  A rime drake (D:12)
  2 ancient zymes (Abyss:3)
  A red devil (D:15)
  8 komodo dragons
  13 merfolk
  4 tengu conjurers
  7 hornets
  A jumping spider (shapeshifter) (Vaults:5)
  2 trolls
  16 polar bears
  8 blink frogs (Lair:2)
  2 wind drakes (Shoals:4)
  16 slime creatures
  3 dream sheep (Shoals:2)
  A human simulacrum (Vaults:1)
  11 hippogriffs
  7 snapping turtles
  2 raiju
  8 large abominations
  2 shadows
  5 spriggans
  3 ynoxinuls
  5 redbacks
  7 water elementals
  A tarantella (shapeshifter) (Vaults:1)
  A wyvern (D:14)
  5 small abominations
  A vampire (D:14)
  6 wraiths
  A hog (shapeshifter) (D:13)
  47 yaks
  2 golden eyes (D:14)
  A hungry ghost (D:15)
  3 basilisks
  A neqoxec (Abyss:3)
  4 vampire mosquitoes (D:12)
  2 chaos spawn
  Menkaure (D:7)
  A spatial vortex (Abyss:3)
  Duvessa (D:7)
  28 nagas
  An acid dragon (D:14)
  7 water moccasins
  7 porcupines
  15 orc warriors
  4 sky beasts
  2 necrophages
  3 black bears (D:9)
  6 ice beasts
  16 ogres
  2 eyes of draining
  3 phantoms
  8 boggarts
  22 wolves
  9 centaurs
  10 crocodiles
  Blork the orc (D:5)
  3 big kobolds
  15 bullfrogs
  Dowan (D:7)
  9 scorpions
  10 killer bees
  10 wights
  3 bullfrog zombies
  A howler monkey (D:5)
  11 crimson imps
  A quasit (D:7)
  9 orc priests
  17 starcursed masses (Abyss:3)
  6 jellies
  2 human zombies
  6 hounds
  An iron imp (Abyss:3)
  17 orc wizards
  5 bullfrog skeletons
  5 centaur skeletons
  8 iguanas
  10 worker ants
  3 big kobold zombies (Ossuary)
  3 hound zombies (Ossuary)
  A hound skeleton (D:7)
  4 mummies (Ossuary)
  7 gnolls
  9 adders
  A howler monkey skeleton (D:6)
  5 shadow imps
  A white imp (Abyss:3)
  An ooze (D:3)
  An adder zombie (D:6)
  A worm (D:3)
  3 leopard geckos
  30 orcs
  3 bats (D:3)
  4 giant cockroaches
  4 goblins
  3 hobgoblins (D:1)
  12 jackals
  3 quokkas
  2 ball pythons
  5 frilled lizards
  2 goblin zombies (Ossuary)
  A hobgoblin zombie (Ossuary)
  11 kobolds
  6 rats
  2 rat zombies (Ossuary)
  2 fungi
  11 plants
  3 tentacles (Shoals:1)
1233 creatures vanquished.

Vanquished Creatures (collateral kills)
  A naga warrior (Snake:4)
  A hydra (D:13)
  An anaconda (Snake:4)
  2 shock serpents (Snake:4)
  A salamander mystic (Snake:4)
  3 naga magi (Snake:4)
  3 black mambas (Snake:4)
  2 guardian serpents (Snake:4)
  4 nagas (Snake:4)
18 creatures vanquished.

Vanquished Creatures (others)
  A stone giant (Vaults:5)
  A yaktaur captain (Vaults:2)
  A merfolk aquamancer (Shoals:4)
  A naga sharpshooter (Snake:4)
  A wizard (D:7)
  A naga mage (Snake:3)
  6 yaktaurs
  A tengu conjurer (D:13)
  4 centaurs
  A fungus (D:9)
  7 plants
  4 tentacles (Shoals:1)
  2 toadstools (D:10)
31 creatures vanquished.

Grand Total: 1282 creatures vanquished

Notes
Turn   | Place    | Note
-------+----------+-------------------------------------------
     0 | D:1      | Flugslaktarn the Deep Dwarf Fighter began the quest for the
                  | Orb.
     0 | D:1      | Reached XP level 1. HP: 20/20 MP: 1/1
   379 | D:2      | Reached XP level 2. HP: 24/27 MP: 2/2
   424 | D:3      | Reached XP level 3. HP: 24/34 MP: 3/3
   493 | D:3      | Found a burning altar of Makhleb.
   518 | D:3      | Reached XP level 4. HP: 31/42 MP: 4/4
   531 | D:3      | Became a worshipper of Makhleb the Destroyer
   808 | D:4      | Found Taohea's Armour Shoppe.
   808 | D:4      | Found Viweuden's Assorted Antiques.
   823 | D:4      | Reached skill level 1 in Invocations
   826 | D:4      | Reached skill level 4 in Armour
   826 | D:4      | Reached XP level 5. HP: 41/49 MP: 5/5
   905 | D:4      | Noticed a phantom
   957 | D:4      | Killed a phantom
   957 | D:4      | Reached XP level 6. HP: 25/56 MP: 7/7
   972 | D:4      | Found Utiur's Armour Emporium.
  1078 | D:4      | Found Mataj's Distillery.
  1158 | D:4      | Found Ujyur's Magic Scroll Emporium.
  1309 | D:4      | Found an ancient bone altar of Kikubaaqudgha.
  1348 | D:5      | Entered Level 5 of the Dungeon
  1401 | D:5      | Reached * piety under Makhleb
  1408 | D:5      | Reached skill level 5 in Axes
  1633 | D:5      | Noticed a sky beast
  1675 | D:5      | Killed a sky beast
  1675 | D:5      | Reached XP level 7. HP: 16/63 MP: 9/9
  1792 | D:5      | Noticed Blork the orc
  1812 | D:5      | Killed Blork the orc
  1837 | D:5      | Found a stormy altar of Qazlal.
  2046 | D:5      | Found a blossoming altar of Fedhas.
  2149 | D:5      | Found a white marble altar of Elyvilon.
  2154 | D:5      | Found a basalt altar of Yredelemnul.
  2172 | D:5      | Found a shimmering blue altar of Sif Muna.
  2175 | D:5      | Found a radiant altar of Vehumet.
  2243 | D:5      | Reached skill level 5 in Shields
  2533 | D:6      | Reached skill level 5 in Armour
  2605 | D:6      | Found a sand-covered staircase.
  2615 | Ossuary  | Entered an ossuary
  2639 | Ossuary  | Reached XP level 8. HP: 60/73 MP: 10/10
  2650 | Ossuary  | Reached ** piety under Makhleb
  3125 | D:6      | Found Fuuboywaubb's Armour Shoppe.
  3348 | D:6      | Reached skill level 5 in Invocations
  3535 | D:7      | Noticed Duvessa
  3535 | D:7      | Noticed Dowan
  3537 | D:7      | Noticed Menkaure
  3546 | D:7      | Killed Duvessa
  3550 | D:7      | Killed Menkaure
  3550 | D:7      | Reached skill level 5 in Fighting
  3550 | D:7      | Reached skill level 6 in Armour
  3551 | D:7      | Killed Dowan
  3591 | D:7      | Found a bloodstained altar of Trog.
  3591 | D:7      | Noticed a hippogriff
  3592 | D:7      | Noticed a wizard
  3599 | D:7      | Killed a hippogriff
  3599 | D:7      | Gained mutation: You passively map the area around you.
                  | [Deep Dwarf growth]
  3599 | D:7      | Reached XP level 9. HP: 58/81 MP: 12/12
  3629 | D:7      | Found a staircase to the Ecumenical Temple.
  3742 | D:7      | Killed a wizard
  3800 | D:7      | You fall into a shaft and drop 3 floors!
  3800 | D:10     | Entered Level 10 of the Dungeon
  4035 | D:8      | Found a blossoming altar of Fedhas.
  4068 | D:7      | Noticed an angel
  4069 | D:7      | Found a glowing silver altar of Zin.
  4083 | D:7      | Found a shimmering altar of Xom.
  4110 | D:7      | Reached skill level 7 in Armour
  4128 | D:7      | Found an iron altar of Okawaru.
  4130 | D:7      | Reached *** piety under Makhleb
  4182 | D:7      | Noticed an ice statue
  4288 | D:7      | Found an opulent altar of Gozag.
  4873 | D:8      | Reached XP level 10. HP: 84/91 MP: 13/13
  5310 | D:6      | Bought the +0 pair of gloves of Knowledge {rF++} for 348
                  | gold pieces
  5389 | D:9      | Found a staircase to the Orcish Mines.
  5479 | D:9      | Reached skill level 10 in Axes
  5713 | D:9      | Reached skill level 8 in Armour
  5714 | D:9      | Reached **** piety under Makhleb
  5737 | D:9      | Found a staircase to the Lair.
  6188 | D:10     | Reached XP level 11. HP: 72/99 MP: 15/15
  6428 | D:10     | Noticed Urug
  6445 | D:10     | Killed Urug
  6455 | D:10     | Found a transporter.
  6475 | D:10     | Found a transporter.
  6800 | D:11     | Reached ***** piety under Makhleb
  6858 | D:11     | Killed an unseen horror
  7022 | D:11     | Reached skill level 9 in Armour
  7089 | D:11     | Noticed a red ugly thing
  7101 | D:11     | Killed a red ugly thing
  7111 | D:11     | Found Hamus's General Store.
  7119 | D:11     | Bought a potion of mutation for 88 gold pieces
  7119 | D:11     | Gained mutation: You are surrounded by a mild repulsion
                  | field. (EV +2) [potion of mutation]
  7119 | D:11     | Gained mutation: Your spells are a little harder to cast,
                  | but a little more powerful. [potion of mutation]
  7119 | D:11     | Gained mutation: You have large cloven feet. [potion of
                  | mutation]
  7231 | D:11     | Found Gotudwae's Book Boutique.
  7284 | D:11     | Noticed a cyan ugly thing
  7310 | D:11     | Killed a cyan ugly thing
  7341 | D:11     | Found Vosmif's Antique Weapon Emporium.
  7748 | D:12     | Killed an unseen horror
  7959 | D:12     | Found a frozen archway.
  7960 | D:12     | Noticed an ice dragon
  7965 | D:12     | Reached skill level 10 in Invocations
  8009 | D:12     | Reached XP level 12. HP: 83/110 MP: 12/12
  8023 | D:12     | Killed an ice dragon
  8155 | IceCv    | Entered an ice cave
  8402 | IceCv    | Reached skill level 10 in Armour
  8402 | IceCv    | Reached skill level 10 in Shields
  8946 | IceCv    | Noticed a white draconian
  8946 | IceCv    | Noticed a death yak
  8960 | IceCv    | Killed a death yak
  8980 | IceCv    | Killed a white draconian
  9017 | IceCv    | Reached ****** piety under Makhleb
  9660 | D:13     | Reached XP level 13. HP: 120/120 MP: 13/13
  9713 | D:13     | Found a white marble altar of Elyvilon.
  9714 | D:13     | Found a runed translucent door.
  9714 | D:13     | Noticed a daeva
  9941 | D:13     | Noticed an ironheart preserver
  9977 | D:13     | Killed an ironheart preserver
  9977 | D:13     | Reached skill level 11 in Armour
 10082 | D:13     | Found a gate to the Vaults.
 10663 | D:14     | Found Juwkall's Antique Armour Shop.
 10853 | D:14     | Paralysed by a hornet for 3 turns
 10858 | D:14     | Reached skill level 15 in Axes
 11328 | D:14     | Noticed Frances
 11350 | D:14     | Killed Frances
 11350 | D:14     | Gained mutation: You resist negative energy. (rN+) [Deep
                  | Dwarf growth]
 11350 | D:14     | Reached XP level 14. HP: 130/130 MP: 10/10
 11388 | D:15     | Entered Level 15 of the Dungeon
 11547 | D:15     | Found a hazy altar of Hepliaklqana.
 11548 | D:15     | Found an ornate altar of the Wu Jian Council.
 11548 | D:15     | Found a basalt altar of Yredelemnul.
 11714 | D:15     | Reached skill level 10 in Fighting
 11745 | D:15     | Found a staircase to the Depths.
 12021 | Lair:1   | Entered Level 1 of the Lair of Beasts
 12022 | Lair:1   | Identified a scroll of acquirement
 12054 | Lair:1   | Noticed Gastronok
 12077 | Lair:1   | Killed Gastronok
 12216 | D:4      | Bought the +10 storm dragon scales of the Sky {+Blink rElec
                  | Str+4} for 1869 gold pieces
 12569 | Lair:2   | Reached skill level 12 in Armour
 13663 | Lair:4   | Found a staircase to the Snake Pit.
 13672 | Snake:1  | Entered Level 1 of the Snake Pit
 13819 | Snake:4  | Entered Level 4 of the Snake Pit
 13859 | Snake:4  | Noticed a nagaraja
 13869 | Snake:4  | Killed a nagaraja
 13869 | Snake:4  | Reached XP level 15. HP: 140/140 MP: 12/12
 14011 | Snake:4  | Noticed a nagaraja
 14028 | Snake:4  | Killed a nagaraja
 14090 | Snake:4  | Noticed a nagaraja
 14106 | Snake:4  | Killed a nagaraja
 14143 | Snake:4  | Noticed a nagaraja
 14147 | Snake:4  | Noticed a nagaraja
 14147 | Snake:4  | Noticed Vashnia
 14166 | Snake:4  | Noticed a nagaraja
 14185 | Snake:4  | Cast into level 2 of the Abyss (salamander mystic)
 14226 | Abyss:3  | Found an opulent altar of Gozag.
 14240 | Abyss:3  | Noticed a lich
 14242 | Abyss:3  | Killed a lich
 14259 | Abyss:3  | Got a faintly glowing granite ring
 14284 | Abyss:3  | Found an opulent altar of Gozag.
 14345 | Abyss:3  | Reached skill level 13 in Armour
 14357 | Abyss:3  | Paralysed by accursed screaming for 1 turns
 14581 | Snake:4  | Escaped the Abyss
 14593 | Snake:4  | Killed a nagaraja
 14593 | Snake:4  | Killed a nagaraja
 14601 | Snake:4  | Killed a nagaraja
 14603 | Snake:4  | Reached XP level 16. HP: 151/151 MP: 13/13
 14656 | Snake:4  | Killed Vashnia
 14788 | Snake:4  | Reached skill level 15 in Invocations
 14814 | Snake:4  | Got a serpentine rune of Zot
 14968 | Lair:4   | Noticed Nergalle
 14978 | Lair:4   | Killed Nergalle
 15152 | Lair:4   | Found a staircase to the Shoals.
 15162 | Shoals:1 | Entered Level 1 of the Shoals
 15195 | Shoals:1 | Noticed a kraken
 15210 | Shoals:1 | Killed a kraken
 15250 | Shoals:1 | Found Osuschae's Armour Emporium.
 15596 | Shoals:1 | Identified the ring "Wouroejo" {rN+ MR+ Int+2} (You found
                  | it on level 3 of the Abyss)
 15638 | Shoals:2 | Reached skill level 14 in Armour
 15805 | Shoals:4 | Entered Level 4 of the Shoals
 15881 | Shoals:4 | Noticed Ilsuiw
 15906 | Shoals:4 | Killed Ilsuiw
 16204 | Shoals:4 | Noticed Polyphemus
 16235 | Shoals:4 | Killed Polyphemus
 16266 | Shoals:4 | Reached XP level 17. HP: 144/162 MP: 14/14
 16268 | Shoals:4 | Got a warped ruby amulet
 16269 | Shoals:4 | Identified the amulet of Gihato Lano {Inacc rElec rN+
                  | Int-2} (You found it on level 4 of the Shoals)
 16523 | Shoals:4 | Reached skill level 15 in Shields
 16529 | Shoals:4 | Got a barnacled rune of Zot
 16768 | Lair:2   | Reached skill level 15 in Armour
 16955 | Vaults:1 | Entered Level 1 of the Vaults
 17082 | Vaults:1 | Found a runed translucent gate.
 17082 | Vaults:1 | Found a runed translucent gate.
 17082 | Vaults:1 | Found a runed translucent gate.
 17085 | Vaults:1 | Noticed MisterFreud's ghost (adept OpFi)
 17435 | Vaults:2 | Reached skill level 16 in Armour
 17801 | Vaults:2 | Found Zoskips's General Store.
 17880 | Vaults:3 | Noticed Xtahua
 17896 | Vaults:3 | Killed Xtahua
 17922 | Vaults:3 | Gained mutation: You passively map a large area around you.
                  | [Deep Dwarf growth]
 17922 | Vaults:3 | Reached XP level 18. HP: 176/176 MP: 15/15
 17956 | Vaults:3 | Reached skill level 17 in Armour
 17998 | Vaults:3 | Noticed a bone dragon
 17999 | Vaults:3 | Found a staircase to the Crypt.
 18010 | Vaults:3 | Killed a bone dragon
 18185 | Vaults:5 | Entered Level 5 of the Vaults
 18191 | Vaults:5 | Reached skill level 15 in Fighting
 18207 | Vaults:5 | Noticed a tentacled monstrosity
 18214 | Vaults:5 | Killed a tentacled monstrosity
 18268 | Vaults:5 | Reached skill level 18 in Armour
 18316 | Vaults:5 | Noticed a golden dragon
 18322 | Vaults:5 | Noticed a tentacled monstrosity
 18337 | Vaults:5 | Killed a tentacled monstrosity
 18356 | Vaults:5 | Reached XP level 19. HP: 164/188 MP: 16/16
 18360 | Vaults:5 | Killed a golden dragon
 18381 | Vaults:5 | Reached skill level 19 in Armour
 18386 | Vaults:5 | Noticed a golden dragon
 18412 | Vaults:5 | Killed a golden dragon
 18610 | Vaults:5 | Reached skill level 20 in Armour
 18710 | Vaults:5 | Got a silver rune of Zot
 19074 | Depths:1 | Entered Level 1 of the Depths
 19130 | Depths:1 | Noticed Asterion
 19150 | Depths:1 | Killed Asterion
 19259 | Depths:1 | Reached XP level 20. HP: 201/201 MP: 17/17
 19391 | Depths:2 | Found a gateway to Hell.
 19583 | Depths:3 | Found a one-way gate to the infinite horrors of the Abyss.
 19684 | Depths:3 | Reached skill level 21 in Armour
 19732 | Depths:3 | Identified the +5 spear of the Middle {vorpal, *Slow rN+
                  | Str+6}
 19916 | Depths:3 | Found a one-way gate leading to the halls of Pandemonium.
 20194 | Depths:5 | Entered Level 5 of the Depths
 20249 | Depths:5 | Found a gateway to a ziggurat.
 20283 | Depths:5 | Noticed Sojobo
 20363 | Depths:5 | Killed Sojobo
 20381 | Depths:5 | Noticed a bone dragon
 20400 | Depths:5 | Reached XP level 21. HP: 207/214 MP: 18/18
 20427 | Depths:5 | Noticed a golden dragon
 20451 | Depths:5 | Killed a golden dragon
 20459 | Depths:5 | Found a gate to the Realm of Zot.
 20468 | Zot:1    | Entered Level 1 of the Realm of Zot
 20558 | Zot:1    | Noticed a golden dragon
 20571 | Zot:1    | Reached skill level 22 in Armour
 20576 | Zot:1    | Killed a golden dragon
 20773 | Zot:5    | Entered Level 5 of the Realm of Zot
 20856 | Zot:5    | Noticed a golden dragon
 20868 | Zot:5    | Killed a golden dragon
 20931 | Zot:5    | Noticed an ancient lich
 20938 | Zot:5    | Noticed an ancient lich
 20944 | Zot:5    | Killed an ancient lich
 20974 | Zot:5    | Killed an ancient lich
 20978 | Zot:5    | Noticed a Killer Klown
 20980 | Zot:5    | Noticed an orb of fire
 20985 | Zot:5    | Noticed a Killer Klown
 20987 | Zot:5    | Noticed an orb of fire
 20989 | Zot:5    | Noticed an ancient lich
 20991 | Zot:5    | Noticed an ancient lich
 20994 | Zot:5    | Gained mutation: Your body sometimes deteriorates upon
                  | taking damage. [an orb of fire]
 20997 | Zot:5    | Noticed an orb of fire
 21003 | Zot:5    | Killed a Killer Klown
 21007 | Zot:5    | Gained mutation: You are clumsy. (Dex -2) [an orb of fire]
 21014 | Zot:5    | Killed an orb of fire
 21014 | Zot:5    | Reached skill level 23 in Armour
 21017 | Zot:5    | Killed an orb of fire
 21017 | Zot:5    | Gained mutation: Your body often deteriorates upon taking
                  | damage. [an orb of fire]
 21018 | Zot:5    | Killed an orb of fire
 21018 | Zot:5    | Reached XP level 22. HP: 149/228 MP: 5/17
 21025 | Zot:5    | Killed an ancient lich
 21036 | Zot:5    | Killed a Killer Klown
 21039 | Zot:5    | Noticed an orb of fire
 21043 | Zot:5    | Noticed an orb of fire
 21045 | Zot:5    | Noticed an orb of fire
 21057 | Zot:5    | Lost mutation: Your spells are a little harder to cast, but
                  | a little more powerful. [an orb of fire]
 21060 | Zot:5    | Noticed a Killer Klown
 21065 | Zot:5    | Gained mutation: You are frail. (-10% HP) [an orb of fire]
 21066 | Zot:5    | Gained mutation: You occasionally shout uncontrollably at
                  | your foes. [an orb of fire]
 21066 | Zot:5    | Gained mutation: You are very frail. (-20% HP) [an orb of
                  | fire]
 21067 | Zot:5    | Killed an orb of fire
 21067 | Zot:5    | Killed an orb of fire
 21067 | Zot:5    | Lost mutation: Your body often deteriorates upon taking
                  | damage. [an orb of fire]
 21069 | Zot:5    | Killed an orb of fire
 21069 | Zot:5    | Noticed an ancient lich
 21081 | Zot:5    | Killed an ancient lich
 21081 | Zot:5    | Reached skill level 24 in Armour
 21089 | Zot:5    | Killed an ancient lich
 21106 | Zot:5    | Killed a Killer Klown
 21156 | Zot:5    | Got the Orb of Zot
 21249 | Zot:4    | Noticed a golden dragon
 21313 | Zot:1    | Noticed Hoqyfohi the pandemonium lord
 21443 | Depths:3 | Noticed Weyxy the pandemonium lord
 21454 | Depths:3 | Killed Weyxy the pandemonium lord
 21610 | Depths:2 | Noticed Jugg the pandemonium lord
 21667 | D:14     | Reached XP level 23. HP: 150/192 MP: 15/15
 22060 | D:1      | Noticed Ehojaeva the pandemonium lord
 22097 | D:1      | Killed Ehojaeva the pandemonium lord
 22172 | D:$      | Escaped with the Orb!

Levels and vault maps discovered:
D:1:      saegor_arrival_simple_b, layout_basic
D:2:      layout_rooms, old_standard_altar, first_ration, hangedman_glass_teeth,
          kennysheep_path_1
D:3:      layout_rooms, lemuel_crystal_altar
D:4:      layout_rooms, old_standard_altar, serial_shops, shop, shop, shop,
          nicolae_shop_statue_plus, nicolae_shop_competitors_out_of_business,
          kennysheep_generic_room_14
D:5:      layout_basic, grunt_qazlal_sundering,
          grunt_temple_overflow_cloverleaf, basic_altar, roderic_lattice_a,
          hangedman_decor_peaks_small, corner_web_ring, lexackson_kobold_supper,
          uniq_blork_the_orc
D:6:      layout_loops_corners, nicolae_ossuary_entry_ruins, serial_shops,
          shop_statue
D:7:      lemuel_ice_statue, layout_cave_pools,
          grunt_temple_overflow_order_and_chaos_1, okawaru_altar_gauntlet_db,
          lemuel_doored_altar, minmay_temple_entry_offerings, trog_wizard,
          uniq_duvessa, uniq_menkaure
D:8:      layout_basic, fedhas_ov_isle_minmay
D:9:      layout_irregular_city, minmay_lair_entry_grove, orc_0_dummy,
          blue_anna_alchemist [blue_anna_fruit_fields, blue_anna_fruit_fields]
D:10:     gammafunk_cloud_chamber, layout_irregular_city,
          minmay_gold_behind_fungi, uniq_urug
D:11:     layout_cave_pools, serial_shops, kennysheep_mini, shop, shop
D:12:     layout_stronghold, portal_ice_cave_entry_animals_and_master,
          minmay_checkerbox
D:13:     layout_roguey, skrybe_vaults_entry_preservation,
          serial_bayou_lagoon_a, chequers_serial_rivers_micro_e,
          lemuel_angel_altar
D:14:     layout_basic, grunt_decor_arrowhead, serial_shops,
          nicolae_shop_statue_plus, gauntlet_entry_generic, drop_trap,
          serial_park_tiny_2, uniq_frances
D:15:     hangedman_slaughterboxes
Lair:1:   wander_river, layout_hall_layers, gammafunk_ghost_grave,
          bh_autumn_forest_stairs, kennysheep_rathole, uniq_gastronok
Lair:2:   layout_chaotic_city, chequers_serial_rivers_micro_b,
          beast_lair_carwin_5
Lair:3:   layout_cave_pods, serial_bayou_pond_c, lemuel_fruit_tree,
          grunt_megastairs_4, infiniplex_staircase_pool_2
Lair:4:   layout_loops_ring, minmay_shoals_entry_hut, dummy_snake_entry,
          uniq_nergalle
Shoals:1: layout_shoals, gammafunk_ghost_cemetery, serial_shops, shop
Shoals:2: layout_shoals
Shoals:3: layout_shoals, lightli_airlock
Shoals:4: shoals_end_grunt_ice, layout_shoals, shoal_ilsuiw, uniq_polyphemus
Snake:1:  layout_basic
Snake:2:  layout_chambers, uniq_agnes
Snake:3:  layout_cave_town
Snake:4:  johnstein_snake_rune_scales, layout_cave_town, serial_shops, shop,
          st_stairs_14
Vaults:1: gammafunk_vaults_ghost_spectres, ontoclasm_vaults_gateway, v_misc_27,
          ontoclasm_vaults_tryst, v_misc_1, nicolae_vaults_mini_display_case,
          layout_vaults_omnigrid, portal_desolation_entry_nicolae_slug
Vaults:2: hangedman_vaults_capsules, v_misc_15, nicolae_vaults_c_with_doors,
          v_misc_15, vaults_room_corners, layout_vaults_chaotic_city,
          serial_shops, shop
Vaults:3: nicolae_vaults_inception_scallops, minmay_crypt_entry_nasty_monster,
          ontoclasm_vaults_pinch, v_pattern_4, vaults_room_grid,
          hangedman_vaults_cutoff, ontoclasm_vaults_ring_square,
          ontoclasm_vaults_twist, v_misc_29, hangedman_vaults_corner_blocks,
          layout_vaults_ring, uniq_xtahua
Vaults:4: ebering_vaults_ghost_xom, v_misc_2, nicolae_vaults_statue_guard,
          grunt_vaults_twisty, nicolae_vaults_little_squares_2, v_alt_pattern_4,
          v_misc_3, v_misc_19, v_misc_15, v_misc_16, hangedman_vaults_stream,
          vaults_mumra_lcd, vaults_room_large_hall, hangedman_vaults_slice,
          vaults_room_hallway, layout_vaults_omnibox
Vaults:5
Depths:1: layout_big_octagon, grunt_hell_entry_demonic_statue,
          abyss_entry_small_statue_room, chequers_serial_rivers_room_a,
          pan_entry, kennysheep_small_circle, serial_bayou_shore_b,
          minmay_shop_grove, uniq_asterion
Depths:2: grunt_house_of_mirrors, layout_cave_pools,
          hangedman_abyss_or_decor_stagger, hangedman_tar_grid_catacomb,
          gammafunk_ghost_grave, moated_statue, uniq_nikola, uniq_saint_roka
Depths:3: minmay_skeleton_keep, layout_gridlike, skrybe_limestone_x,
          abyss_entry, hangedman_geh_valley, rand_demon_pan_entry_1,
          uniq_margery
Depths:4: cheibrodos_salmonella, layout_basic, hellmouth_1,
          kennysheep_another_room, rand_demon_pan_entry_8, abyss_entry,
          minmay_crystal_room, grunt_decor_fettered
Depths:5: grunt_zot_entry_gee_three, layout_honeycomb, enter_ziggurat_f,
          grunt_hell_entry_dis_old, hangedman_abyss_entry_splay, uniq_sojobo
Zot:1:    layout_cathedral_of_symmetry, grunt_megastairs_1
Zot:2:    layout_basic
Zot:3:    layout_misc_corridors, st_grand_hoard_of_tiamat
Zot:4:    layout_concentric_octagons
Zot:5:    layout_onion, ebering_ghost_disaster_area

Skill      XL: |  1  2  3  4  5  6  7  8  9 10 11 12 13 14 15 16 17 18 19 20 21 22 |
---------------+-------------------------------------------------------------------+-----
Fighting       | 3 4 5 6 7 8 9 10 11 12 14 16 17 18 20 21 | 21.6
Axes           | 3 4 5 6 8 9 11 12 13 15 16 17 18 | 18.0
Invocations    | 1 2 4 5 7 8 10 11 12 13 14 15 | 15.0
Armour         | 4 5 6 7 8 9 10 11 12 13 14 16 18 20 21 23 24 | 24.7
Shields        | 4 5 6 7 8 9 10 11 12 13 14 15 | 15.0

Action                   |  1- 3 |  4- 6 |  7- 9 | 10-12 | 13-15 | 16-18 | 19-21 | 22-24 || total
-------------------------+-------+-------+-------+-------+-------+-------+-------+-------++-------
Melee: War axe           |    57 |   189 |   273 |       |       |       |       |       ||   519
       Broad axe         |       |       |   167 |   898 |  1126 |  1051 |   876 |   271 ||  4389
       Unarmed           |       |       |       |       |       |       |       |     1 ||     1
Invok: Lesser Servant of |       |       |       |       |     3 |       |       |       ||     3
       Greater Servant o |       |       |       |       |     3 |       |     1 |       ||     4
 Abil: Heal Wounds       |     1 |     3 |     9 |    13 |    16 |     3 |     4 |    31 ||    80
Evoke: Lamp of fire      |       |       |       |       |     1 |       |       |       ||     1
       Wand              |       |       |       |       |       |       |       |     1 ||     1
  Use: Scroll            |       |       |    18 |     5 |    11 |    11 |     7 |     3 ||    55
       Potion            |       |       |       |     1 |     1 |       |     3 |     7 ||    12
  Eat: Chunk             |       |     3 |     8 |    13 |    10 |     1 |     7 |       ||    42
       Ration            |       |       |     1 |     2 |     2 |     4 |     1 |     4 ||    14
Armor: Scale mail        |    12 |    93 |   215 |   108 |       |       |       |       ||   428
       Plate armour      |       |       |       |   202 |   279 |       |       |       ||   481
       Chain mail        |       |       |       |    72 |       |       |       |       ||    72
       Skin              |       |       |       |     1 |       |       |       |       ||     1
       Ice dragon scales |       |       |       |    89 |       |       |       |       ||    89
       Storm dragon scal |       |       |       |       |   246 |   402 |   442 |   109 ||  1199
Dodge: Dodged            |    21 |    58 |   141 |   390 |   448 |   330 |   245 |    55 ||  1688
       Deflected         |     2 |     2 |     1 |       |       |       |       |       ||     5
Block: Kite shield       |    33 |    96 |       |  1092 |  1243 |  1129 |   904 |   262 ||  4759
       Tower shield      |       |    26 |   410 |    25 |       |       |       |       ||   461
       Reflection        |       |       |       |    18 |    84 |   114 |    18 |     5 ||   239

Table legend:
 A = Non-vault XP
 B = Vault XP
 C = Vault XP percentage of total XP
 D = Non-vault monster count
 E = Vault monster count
 F = Vault count percentage of total count
                 A         B        C        D         E       F
            +---------+---------+-------+---------+---------+-------
      Total |  382981 |  436005 |  53.2 |     797 |     423 |  34.7
            +---------+---------+-------+---------+---------+-------
        D:1 |      13 |       0 |   0.0 |       8 |       0 |   0.0
        D:2 |       2 |       0 |   0.0 |       2 |       0 |   0.0
        D:3 |     100 |       0 |   0.0 |      24 |       0 |   0.0
        D:4 |     392 |       0 |   0.0 |      18 |       0 |   0.0
        D:5 |     387 |     203 |  34.4 |      12 |       8 |  40.0
        D:6 |     918 |       0 |   0.0 |      16 |       0 |   0.0
        D:7 |    1711 |     424 |  19.9 |      28 |       9 |  24.3
        D:8 |    1312 |       0 |   0.0 |      23 |       0 |   0.0
        D:9 |    3501 |    1569 |  30.9 |      26 |      14 |  35.0
       D:10 |    1917 |     815 |  29.8 |      32 |       1 |   3.0
       D:11 |    4894 |       0 |   0.0 |      32 |       0 |   0.0
       D:12 |    2005 |    4053 |  66.9 |      15 |      12 |  44.4
       D:13 |   12986 |    3392 |  20.7 |      52 |       8 |  13.3
       D:14 |   10834 |    2354 |  17.8 |      32 |       1 |   3.0
       D:15 |     256 |    6672 |  96.3 |       1 |      23 |  95.8
     Lair:1 |     835 |    2369 |  73.9 |       5 |       1 |  16.7
     Lair:2 |    6122 |    2125 |  25.8 |      25 |       6 |  19.4
     Lair:3 |    2373 |     946 |  28.5 |      11 |       1 |   8.3
     Lair:4 |    2412 |    1037 |  30.1 |      13 |       2 |  13.3
   Shoals:1 |   10950 |       0 |   0.0 |      17 |       0 |   0.0
   Shoals:2 |    5340 |       0 |   0.0 |      11 |       0 |   0.0
   Shoals:3 |    2405 |       0 |   0.0 |       6 |       0 |   0.0
   Shoals:4 |    6330 |   28907 |  82.0 |      14 |      36 |  72.0
    Snake:1 |    2014 |       0 |   0.0 |       4 |       0 |   0.0
    Snake:2 |     960 |       0 |   0.0 |       1 |       0 |   0.0
    Snake:3 |    8107 |       0 |   0.0 |      16 |       0 |   0.0
    Snake:4 |   17827 |   35852 |  66.8 |      28 |      63 |  69.2
   Vaults:1 |   11313 |    6303 |  35.8 |      27 |      10 |  27.0
   Vaults:2 |   20219 |   10207 |  33.5 |      24 |      19 |  44.2
   Vaults:3 |   22719 |    9460 |  29.4 |      21 |       3 |  12.5
   Vaults:4 |    5253 |    1765 |  25.1 |       5 |       2 |  28.6
   Vaults:5 |   45689 |   97238 |  68.0 |      49 |      72 |  59.5
   Depths:1 |   28229 |    2703 |   8.7 |      34 |       1 |   2.9
   Depths:2 |   10763 |      11 |   0.1 |      16 |       1 |   5.9
   Depths:3 |   44658 |    3173 |   6.6 |      53 |       5 |   8.6
   Depths:4 |   11569 |       0 |   0.0 |       9 |       0 |   0.0
   Depths:5 |    6185 |   30724 |  83.2 |       7 |      17 |  70.8
      Zot:1 |   10965 |    4519 |  29.2 |       6 |       2 |  25.0
      Zot:2 |    3585 |       0 |   0.0 |       2 |       0 |   0.0
      Zot:3 |    7681 |       0 |   0.0 |       7 |       0 |   0.0
      Zot:4 |    4802 |       0 |   0.0 |       5 |       0 |   0.0
      Zot:5 |   24922 |  166299 |  87.0 |      15 |      38 |  71.7
    Abyss:3 |   17526 |       0 |   0.0 |      45 |       0 |   0.0
    Ossuary |       0 |     254 | 100.0 |       0 |      16 | 100.0
      IceCv |       0 |   12631 | 100.0 |       0 |      52 | 100.0
            +---------+---------+-------+---------+---------+-------
